 Dungeon Crawl Stone Soup version 0.30-a0-168-g0b976cbdc4 (webtiles) character file.

Game seed: 5664147746589196530

403 qw the Chopper (level 6, 0/40 HPs)
             Began as a Gargoyle Fighter on Sept 29, 2022.
             Slain by an orc priest
             ... wielding a +0 flail
              (5 damage)
             ... on level 5 of the Dungeon.
             The game lasted 00:01:26 (3837 turns).

qw the Chopper (Gargoyle Fighter)                   Turns: 3837, Time: 00:01:27

Health: 0/40       AC: 15    Str: 21    XL:     6   Next: 86%
Magic:  6/6        EV:  7    Int:  9    God:
Gold:   98         SH:  4    Dex:  9    Spells: 5/5 levels left

rFire   . . .      SeeInvis .    Y - +1 war axe
rCold   . . .      Faith    .    c - +0 buckler
rNeg    + . .      Spirit   .    p - +0 chain mail
rPois   inf        Reflect  .    (no helmet)
rElec   +          Harm     .    k - +0 cloak
rCorr   .          Rampage  .    i - +0 pair of gloves
Will    .....                    (no boots)
Stlth   ..........               (no amulet)
HPRegen 0.13/turn                (no ring)
MPRegen 0.10/turn                (no ring)

@: about to teleport
A: sickness immunity, AC +4, negative energy resistance 1, electricity
resistance, torment resistance 1, petrification resistance
a: no special abilities


You were on level 5 of the Dungeon.
You visited 1 branch of the dungeon, and saw 5 of its levels.

You collected 197 gold pieces.
You spent 99 gold pieces at shops.


Innate Abilities, Weirdness & Mutations

You are immune to sickness and miasma.
Your stone body is resilient. (AC +4)
You are immune to poison.
You resist negative energy. (rN+)
You are resistant to electric shocks. (rElec)
You are resistant to unholy torment.
You are immune to petrification.


   Skills:
 - Level 4.8 Fighting
 + Level 5.3 Axes
 - Level 3.2 Armour
 - Level 1.4 Dodging
 - Level 3.2 Shields


You had 5 spell levels left.
You didn't know any spells.
Your spell library was empty.

Inventory:

Hand Weapons
 q - a +0 flail
 Y - a +1 war axe (weapon)
Armour
 c - a +0 buckler (worn)
 i - a +0 pair of gloves (worn)
 k - a +0 cloak (worn)
 p - a +0 chain mail (worn)
Scrolls
 a - 4 scrolls of teleportation
 b - a scroll of enchant armour {unknown}
 j - a scroll of identify
Potions
 d - 4 potions of might
 e - a potion of haste
 f - 3 potions of curing
 h - a potion of heal wounds
 l - a potion of lignification {unknown}
 n - a potion of attraction {unknown}

Dungeon Overview and Level Annotations

Branches:
Dungeon (5/15)
 Temple: D:4-7

Altars:
Ashenzari
Yredelemnul

Shops:
D:2 *


Message History

You barely miss the orc. You slash the orc priest! The orc barely misses you.
The orc priest calls down the wrath of Beogh upon you.
You barely resist.
The orc priest hits you but does no damage.
You hit the orc priest.
The orc priest is severely wounded.
You hit the orc. You hit the orc priest.
The orc priest hits you but does no damage.
The orc priest barely misses you. The orc barely misses you.
You slash the orc priest!
You kill the orc priest!
You hit the orc.
You kill the orc!
You barely miss the orc priest. The orc priest barely misses you.
You barely miss the orc priest.
The orc priest is severely wounded.
The orc priest invokes the aid of Beogh against you.
Pain shoots through your body!
The orc priest hits you with a +0 flail.
You barely miss the orc priest.
The orc priest is severely wounded.
You block the orc priest's attack.
You hit the orc priest.
The orc priest is severely wounded.
The orc priest hits you with a +0 flail.
You closely miss the orc priest.
The orc priest is severely wounded.
You block the orc priest's attack.
You hit the orc priest but do no damage.
The orc priest is severely wounded.
The orc priest hits you but does no damage.
The orc priest mumbles some strange prayers to Beogh against you.
Beogh smites you!
3837 ||| READING 5 scrolls of teleportation.
As you read the scroll of teleportation, it crumbles to dust.
You feel strangely unstable.
The orc priest hits you with a +0 flail.
You die...

#. +. ..........#.....#
#. #. ..........#.....#
#. ..........#.....'
####. ..........###..##
#....###############'#.
#....#...............#.
#.o..'...............#.
#....#)o.....[...##..#.
.oo....#@).........######
..#....#............# # .
#....###...######## #
#.... ##### #.... .....


You could see an orc priest.

Vanquished Creatures
  An ice beast (D:4)
  2 necrophages (D:4)
  An orc priest (D:5)
  An iguana (D:3)
  5 adders
  A worm (D:3)
  A dart slug (D:1)
  9 orcs
  6 bats
  7 endoplasms
  5 giant cockroaches
  8 goblins
  10 hobgoblins
  4 quokkas
  5 ball pythons
  2 frilled lizards
  5 kobolds
  4 rats
77 creatures vanquished.

Vanquished Creatures (others)
  A giant cockroach (D:3)
1 creature vanquished.

Grand Total: 78 creatures vanquished

Notes
Turn   | Place    | Note
-------+----------+-------------------------------------------
     0 | D:1      | qw the Gargoyle Fighter began the quest for the Orb.
     0 | D:1      | Reached XP level 1. HP: 14/14 MP: 1/1
     0 | D:1      | 0 ||| qw: Version: 0.2-a-12-gaebbb33
     0 | D:1      | 0 ||| qw: Game counter: 1104
     0 | D:1      | 0 ||| qw: Always use a shield: true
     0 | D:1      | 0 ||| qw: God list: Okawaru
     0 | D:1      | 0 ||| qw: Allow faded altars: false
     0 | D:1      | 0 ||| qw: Do Orc after D:15 true
     0 | D:1      | 0 ||| qw: Do second Lair branch before Depths: true
     0 | D:1      | 0 ||| qw: Lair rune preference: random
     0 | D:1      | 0 ||| qw: Plans: Normal, Zot:1-4, God:TSO, Crypt, Tomb,
                  | Pan, Slime:5, Hells, Abyss, Orb
     0 | D:1      | 0 ||| PLANNING D:1-11
   129 | D:1      | Reached skill level 2 in Axes
   255 | D:1      | Reached XP level 2. HP: 19/19 MP: 2/2
   259 | D:1      | 259 ||| Stepping ~*~*~tactically~*~*~ (stealth).
   387 | D:1      | Found a faded altar of an unknown god.
   483 | D:1      | 483 ||| Stepping ~*~*~tactically~*~*~ (hiding).
   636 | D:1      | Reached skill level 3 in Axes
   942 | D:1      | Reached XP level 3. HP: 20/23 MP: 3/3
  1095 | D:1      | 1095 ||| READING scroll labelled UMPOUMA KAIRO.
  1096 | D:1      | 1096 ||| READING scroll labelled TOOS HAOTITHI.
  1202 | D:2      | 1202 ||| Stepping ~*~*~tactically~*~*~ (stealth).
  1207 | D:2      | 1207 ||| Stepping ~*~*~tactically~*~*~ (stealth).
  1208 | D:2      | 1208 ||| Stepping ~*~*~tactically~*~*~ (stealth).
  1247 | D:2      | 1247 ||| Stepping ~*~*~tactically~*~*~ (hiding).
  1426 | D:2      | 1426 ||| Stepping ~*~*~tactically~*~*~ (stealth).
  1427 | D:2      | 1427 ||| Stepping ~*~*~tactically~*~*~ (stealth).
  1970 | D:2      | Found Keown's Assorted Antiques.
  1981 | D:2      | 1981 ||| BUYING 2 pink potions (48 gold).
  1981 | D:2      | Bought 2 pink potions for 48 gold pieces
  1981 | D:2      | 1981 ||| BUYING fuming cyan potion (24 gold).
  1981 | D:2      | Bought a fuming cyan potion for 24 gold pieces
  1981 | D:2      | 1981 ||| SHOPLISTING glowing plate armour (702 gold, have
                  | 42).
  1981 | D:2      | 1981 ||| SHOPLISTING pair of runed boots (202 gold, have
                  | 42).
  1981 | D:2      | 1981 ||| BUYING scroll labelled LIENUEXTUWK (27 gold).
  1981 | D:2      | Bought a scroll labelled LIENUEXTUWK for 27 gold pieces
  1981 | D:2      | 1981 ||| SHOPLISTING scroll labelled VUCLYO ORIOW (27 gold,
                  | have 15).
  1981 | D:2      | 1981 ||| SHOPLISTING whip (67 gold, have 15).
  2178 | D:2      | 2178 ||| UPGRADING to +0 cloak.
  2183 | D:2      | 2183 ||| READING 2 scrolls labelled VUCLYO ORIOW.
  2188 | D:2      | 2188 ||| READING scroll labelled LIENUEXTUWK.
  2189 | D:2      | 2189 ||| DRINKING 3 pink potions.
  2190 | D:2      | 2190 ||| DRINKING 2 cyan potions.
  2191 | D:2      | 2191 ||| READING 3 scrolls of identify.
  2191 | D:2      | 2191 ||| IDENTIFYING golden potion
  2192 | D:2      | 2192 ||| READING 2 scrolls of identify.
  2192 | D:2      | 2192 ||| IDENTIFYING amethyst potion
  2193 | D:2      | 2193 ||| DROPPING 2 potions of degeneration.
  2194 | D:2      | 2194 ||| DROPPING potion of ambrosia.
  2254 | D:3      | Reached XP level 4. HP: 28/28 MP: 4/4
  2306 | D:3      | 2306 ||| Stepping ~*~*~tactically~*~*~ (stealth).
  2330 | D:3      | Reached skill level 4 in Axes
  2348 | D:3      | Found a broken altar of Ashenzari.
  2349 | D:3      | Found a basalt altar of Yredelemnul.
  2428 | D:3      | 2428 ||| Stepping ~*~*~tactically~*~*~ (hiding).
  2429 | D:3      | 2429 ||| Stepping ~*~*~tactically~*~*~ (hiding).
  2730 | D:3      | 2730 ||| Stepping ~*~*~tactically~*~*~ (stealth).
  2749 | D:3      | 2749 ||| DROPPING +0 club.
  2799 | D:3      | 2799 ||| Stepping ~*~*~tactically~*~*~ (stealth).
  2846 | D:3      | 2846 ||| Stepping ~*~*~tactically~*~*~ (stealth).
  3061 | D:3      | 3061 ||| DRINKING 2 blue potions.
  3092 | D:4      | Noticed a necrophage
  3106 | D:4      | Killed a necrophage
  3107 | D:4      | Reached skill level 5 in Axes
  3107 | D:4      | Reached XP level 5. HP: 28/32 MP: 5/5
  3113 | D:4      | 3113 ||| FLEEEEING.
  3114 | D:4      | 3114 ||| FLEEEEING.
  3115 | D:4      | 3115 ||| STAIRDANCE
  3156 | D:4      | 3156 ||| STAIRDANCE
  3165 | D:4      | Noticed an ice beast
  3166 | D:4      | 3166 ||| STAIRDANCE
  3182 | D:4      | Killed an ice beast
  3183 | D:4      | Reached XP level 6. HP: 29/40 MP: 6/6
  3183 | D:4      | 3183 ||| STAIRDANCE
  3313 | D:4      | Reached skill level 1 in Dodging
  3385 | D:4      | 3385 ||| Stepping ~*~*~tactically~*~*~ (stealth).
  3386 | D:4      | 3386 ||| Stepping ~*~*~tactically~*~*~ (stealth).
  3388 | D:4      | 3388 ||| Stepping ~*~*~tactically~*~*~ (stealth).
  3389 | D:4      | 3389 ||| Stepping ~*~*~tactically~*~*~ (stealth).
  3390 | D:4      | 3390 ||| Stepping ~*~*~tactically~*~*~ (stealth).
  3391 | D:4      | 3391 ||| Stepping ~*~*~tactically~*~*~ (stealth).
  3395 | D:4      | 3395 ||| Stepping ~*~*~tactically~*~*~ (stealth).
  3398 | D:4      | 3398 ||| Stepping ~*~*~tactically~*~*~ (stealth).
  3584 | D:4      | 3584 ||| DROPPING +0 whip.
  3638 | D:4      | 3638 ||| UPGRADING to +0 pair of gloves.
  3643 | D:4      | 3643 ||| UPGRADING to +0 chain mail.
  3653 | D:4      | 3653 ||| DROPPING +0 scale mail.
  3654 | D:4      | 3654 ||| READING scroll labelled JOS OWAITTAESM.
  3655 | D:4      | 3655 ||| READING scroll labelled ROAVUE JUTHREI.
  3656 | D:4      | 3656 ||| READING 2 scrolls of identify.
  3656 | D:4      | 3656 ||| IDENTIFYING glowing black potion
  3657 | D:4      | 3657 ||| DROPPING potion of magic.
  3664 | D:5      | Entered Level 5 of the Dungeon
  3665 | D:5      | 3665 ||| PLANNING SEWER
  3817 | D:5      | 3817 ||| Stepping ~*~*~tactically~*~*~ (stealth).
  3819 | D:5      | 3819 ||| Stepping ~*~*~tactically~*~*~ (hiding).
  3821 | D:5      | 3821 ||| Stepping ~*~*~tactically~*~*~ (hiding).
  3836 | D:5      | HP: 5/40 [orc priest/divine providence (12)]
  3837 | D:5      | 3837 ||| READING 5 scrolls of teleportation.
  3837 | D:5      | Slain by an orc priest

Levels and vault maps discovered:
D:1:      giann_forest_graveyard, layout_loops_ring,
          hellmonk_ecumenical_altar_blasted
D:2:      layout_loops_corners, serial_shops, nicolae_shop_hallway_plus,
          due_unseen_surprise
D:3:      minmay_recursive_quarters, layout_loops_ring,
          gammafunk_temple_overflow_pools
D:4:      layout_cave_pools, minmay_fountain_box
D:5:      layout_gridville, old_standard_altar, xom_confusion_cloud,
          portal_sewer_entry_e, uniq_sigmund

Skill      XL: |  1  2  3  4  5  6 |
---------------+-------------------+-----
Axes           | 2 3 5 |  5.3
Fighting       | 4 |  4.8
Dodging        | 1 |  1.4
Armour         | |  3.2
Shields        | |  3.2

Action                   |  1- 3 |  4- 6 || total
-------------------------+-------+-------++-------
Melee: War axe           |   112 |   127 ||   239
  Use: Scroll            |     6 |     4 ||    10
       Potion            |     2 |     1 ||     3
Armor: Scale mail        |    64 |    48 ||   112
       Chain mail        |       |    11 ||    11
Dodge: Dodged            |    52 |    58 ||   110
Block: Buckler           |    18 |    20 ||    38

Table legend:
 A = Non-vault XP
 B = Vault XP
 C = Vault XP percentage of total XP
 D = Non-vault monster count
 E = Vault monster count
 F = Vault count percentage of total count
                 A         B        C        D         E       F
            +---------+---------+-------+---------+---------+-------
      Total |     549 |      28 |   4.9 |      69 |       9 |  11.5
            +---------+---------+-------+---------+---------+-------
        D:1 |      37 |       0 |   0.0 |      21 |       0 |   0.0
        D:2 |      44 |       0 |   0.0 |      19 |       0 |   0.0
        D:3 |      85 |      28 |  24.8 |      13 |       9 |  40.9
        D:4 |     330 |       0 |   0.0 |      11 |       0 |   0.0
        D:5 |      53 |       0 |   0.0 |       5 |       0 |   0.0
            +---------+---------+-------+---------+---------+-------
